AoeStats
← Abetterhandle

Lombardia

508180913Analyzed
2v2 RM · 12d ago on Sep 21, 2026· 32m 1s· 4 players
Game mode
Random Map
Map size
Medium (4 player)
Population
200
Speed
Normal
Resources
Standard
Victory
Conquest
Starting age
Dark Age
Ending age
Imperial Age
RankedLock teamsTeams togetherTeam positionsShared explorationLock speedFull tech treeHidden civsTurbo modeCheats
Victory
Defeat
🇲🇽 Persians · Mexico
920
+17
🇫🇷 Tatars · France
861
+20
🇳🇿 Franks · New Zealand
984
-20
🇲🇾 Ethiopians · Malaysia
902
-17
El viejo7335
3:50 Loom
9:58 Feudal Age
20:03 Castle Age
20:21 Bloodlines
20:20 Scale Barding Armor
20:25 Forging
20:46 Horse Collar
21:28 Husbandry
21:58 Heavy Plow
32:39 Wheelbarrow
31:51 Town Watch
34:45 Imperial Age
[CH-FR]Frog
10:43 Feudal Age
11:27 Double-Bit Axe
12:22 Wheelbarrow
14:36 Bloodlines
14:18 Horse Collar
15:50 Forging
24:20 Castle Age
24:10 Gold Mining
24:31 Fletching
24:27 Light Cavalry
25:09 Husbandry
25:55 Iron Casting
25:36 Bow Saw
26:26 Scale Barding Armor
28:09 Padded Archer Armor
28:28 Hand Cart
28:41 Heavy Plow
30:05 Gold Mining
30:09 Stone Mining
32:53 Ballistics
mastercounter99
10:35 Feudal Age
9:54 Loom
11:21 Double-Bit Axe
11:36 Horse Collar
17:49 Castle Age
17:11 Forging
18:38 Town Watch
19:05 Bow Saw
18:57 Heavy Plow
21:30 Husbandry
25:50 Wheelbarrow
25:27 Gold Mining
27:25 Iron Casting
27:04 Scale Barding Armor
27:57 Fletching
Abetterhandle
2:00 Loom
10:26 Feudal Age
10:57 Double-Bit Axe
16:25 Castle Age
29:46 Forging
29:42 Scale Barding Armor
30:47 Husbandry
31:09 Fletching
Connection lost

Rejoining the realm…

Still unreachable

The connection could not be restored.

Session expired

The server has moved on; the page needs a fresh start.